 Dungeon Crawl Stone Soup version 0.31-a0-851-g7ff8af7976 (webtiles) character file.

Game seed: 13658387773502176911

37 promet the Sneak (level 3, -4/25 HPs)
             Began as an Octopode Brigand on Oct 5, 2023.
             Frozen to death by an endoplasm (5 damage)
             ... on level 2 of the Dungeon.
             The game lasted 00:07:27 (1595 turns).

promet the Sneak (Octopode Brigand)                 Turns: 1595, Time: 00:07:27

Health: -4/25      AC:  1    Str: 14    XL:     3   Next: 39%
Magic:  3/3        EV: 12    Int: 16    God:
Gold:   40         SH:  0    Dex: 15    Spells: 2/2 levels left

rFire   . . .        a - +2 dagger
rCold   . . .        (no shield)
rNeg    . . .        (helmet restricted)
rPois   .            (no amulet)
rElec   .            h - ring "Ibre" {Will+ Str+4 Int+3 SInv}
rCorr   .            (no ring)
SInv    +            (no ring)
Will    +....        (no ring)
Stlth   ++++         (no ring)
HPRegen 0.24/turn    (no ring)
MPRegen 0.08/turn    (no ring)
                     (no ring)

%: no passive effects
@: lethally poisoned (-4 -> -10)
A: almost no armour, amphibious, 8 rings, camouflage 1, gelatinous body 1,
(nimble swimmer 1), tentacles
a: no special abilities


You were on level 2 of the Dungeon.
You visited 1 branch of the dungeon, and saw 2 of its levels.

You collected 40 gold pieces.

Inventory:

Hand Weapons
 a - a +2 dagger (weapon)
 b - a +1 sling
 e - a +0 spear
 k - a +0 mace
 l - a +0 whip
Missiles
 c - 3 curare-tipped darts
 d - 9 poisoned darts
 f - 3 javelins (quivered)
 g - 14 stones
Jewellery
 h - the ring "Ibre" (left tentacle) {Will+ Str+4 Int+3 SInv}
   (You found it on level 2 of the Dungeon)

   [ring of see invisible]

   Str+4:     It affects your strength (+4).
   Int+3:     It affects your intelligence (+3).
   Will+:     It increases your willpower.
   SInv:      It lets you see invisible.
Potions
 i - a potion of degeneration {unknown}
 m - a potion of curing {unknown}
 o - a potion of berserk rage {unknown}


   Skills:
 * Level 2.4 Fighting
 + Level 2.1 Short Blades
 + Level 2.0 Throwing
 + Level 1.0 Dodging
 + Level 6.5 Stealth


You had 2 spell levels left.
You didn't know any spells.
Your spell library contained the following spells:

 Spells                   Type           Power      Damage    Failure   Level
 Wereblood                Tmut           0%         N/A       36%         2
 Ozocubu's Armour         Ice            0%         N/A       58%         3
 Irradiate                Conj/Tmut      0%         3d11      100%        5
 Ozocubu's Refrigeration  Ice            0%         4d7       100%        7


Dungeon Overview and Level Annotations

Branches:
Dungeon (2/15)

Altars:

Shops:
D:2 [


Innate Abilities, Weirdness & Mutations

You cannot wear most types of armour.
You are amphibious.
You can wear up to eight rings at the same time.
Your skin changes colour to match your surroundings (Stealth+).
Your rubbery body absorbs attacks. (AC +1, EV +1)
((You are camouflaged when in or above water. (Stealth+)))
You have tentacles for arms and can constrict up to eight enemies at once.


Message History

The endoplasm quivers.
You hear an angry hiss.
The endoplasm hits you but does no damage.
The adder hisses angrily.
You hit the endoplasm. Your squeeze misses the endoplasm.
The endoplasm is heavily wounded.
The endoplasm closely misses you.
Throw: 4 javelins
Press: ? - help, Q - select action, (/) - cycle Shift-Dir - straight line, f - adder
Aim: an adder (38% to hit)
You throw a javelin. The javelin pierces through the adder.
The adder is heavily wounded.
The goblin hits you with a +0 dagger. The endoplasm closely misses you.
The adder misses you.
You hit the adder but do no damage. Your grab misses the adder.
The adder is heavily wounded.
The goblin hits you with a +0 dagger. The endoplasm freezes you.
You are frozen.
The adder closely misses you.
You aren't carrying any scrolls.
You aren't carrying any scrolls.
You hit the adder. Your grab misses the adder.
The adder is almost dead.
The goblin misses you. The endoplasm misses you. The adder bites you.
You hit the adder but do no damage. Your grab misses the adder.
The adder is severely wounded.
The goblin barely misses you. The endoplasm freezes you.
You are frozen.
The adder bites you.
* * * LOW HITPOINT WARNING * * *
You closely miss the adder. Your grab misses the adder.
The adder is severely wounded.
The adder bites you.
* * * LOW HITPOINT WARNING * * *
You are lethally poisoned!
The adder poisons you! The goblin hits you with a +0 dagger.
* * * LOW HITPOINT WARNING * * *
The endoplasm freezes you.
You are frozen.
You die...

###
..###################
#...................#
....................#
....#.#.........#...#
#..###############..#
#### .....#.#...#
....#......#
#(.S@...# #...Jg...#
#........#
#..#.......#
....#......#
.....#.#...# #######
#..# ..#


You could see an adder, an endoplasm and a goblin.

Vanquished Creatures
  An orc (D:2)
  3 ball pythons
  4 bats
  4 endoplasms
  4 goblins
  3 hobgoblins
  3 quokkas
  A frilled lizard (D:1)
  6 kobolds
  A rat (D:1)
30 creatures vanquished.

Notes
Turn   | Place    | Note
-------+----------+-------------------------------------------
     0 | D:1      | promet the Octopode Brigand began the quest for the Orb.
     0 | D:1      | Reached XP level 1. HP: 14/14 MP: 1/1
   250 | D:1      | Reached XP level 2. HP: 18/19 MP: 2/2
   704 | D:1      | Reached skill level 6 in Stealth
  1162 | D:1      | Reached XP level 3. HP: 25/25 MP: 3/3
  1288 | D:2      | Identified the ring "Ibre" {Will+ Str+4 Int+3 SInv}
  1378 | D:2      | Found Polot's Armour Emporium.
  1595 | D:2      | HP: 1/25 [goblin/+0 dagger (4)]
  1595 | D:2      | Frozen to death by an endoplasm

Illustrated notes

Levels and vault maps discovered:
D:1:      dpeg_arrival_another_circle, layout_basic
D:2:      layout_rooms, serial_shops, shop_fountains, small_statue_intersection,
          nicolae_half_adder

Skill      XL: |  1  2 |
---------------+-------+-----
Stealth        | 6 |  6.5
Fighting       | |  2.4
Short Blades   | |  2.1
Throwing       | |  2.0
Dodging        | |  1.0

Action                     || total
---------------------------++-------
  Melee: Dagger            ||    48
         Constrict         ||     9
         Tentacles         ||     7
         Whip              ||     1
  Throw: Javelin           ||     4
    Use: Scroll            ||     2
   Stab: Sleeping          ||    12
 Armour: Skin              ||    16
  Dodge: Dodged            ||    24

Table legend: (Time is in decaauts)
 A = Elapsed time spent in this place.
 B = Non-inter-level travel time spent in this place.
 C = Inter-level travel time spent in this place.
 D = Time resting spent in this place.
 E = Time spent auto-exploring this place.
 F = Levels seen in this place.
 G = Mean time per level.
                   A        B        C        D        E       F      G
               +--------+--------+--------+--------+--------+-----+--------+
         Total |   1590 |   1509 |     81 |    435 |    450 |   2 |  795.0 |
       Dungeon |   1590 |   1509 |     81 |    435 |    450 |   2 |  795.0 |
               +--------+--------+--------+--------+--------+-----+--------+

Top non-repeatable levels by time:
     D:1: 1241 daAuts
     D:2: 349 daAuts
